Workbook
Name \i: '[1]Planilha de Preço'!#REF!
Name \i: '[1]Planilha de Preço'!#REF!
Name \l: '[1]Planilha de Preço'!#REF!
Name \l: '[1]Planilha de Preço'!#REF!
Name \s: '[1]Planilha de Preço'!#REF!
Name \s: '[1]Planilha de Preço'!#REF!
Name \t: '[1]Planilha de Preço'!#REF!
Name \t: '[1]Planilha de Preço'!#REF!
Name _AA100000: #REF!
Name _AA100000: #REF!
Name _LOC10: [2]Orçamento!#REF!
Name _LOC10: [2]Orçamento!#REF!
Name _LOC11: [2]Orçamento!#REF!
Name _LOC12: [2]Orçamento!#REF!
Name _LOC13: [2]Orçamento!#REF!
Name _LOC14: [2]Orçamento!#REF!
Name _LOC15: [2]Orçamento!#REF!
Name _LOC16: [2]Orçamento!#REF!
Name _LOC17: [2]Orçamento!#REF!
Name _LOC18: [2]Orçamento!#REF!
Name _LOC19: [2]Orçamento!#REF!
Name _LOC2: [2]Orçamento!#REF!
Name _LOC20: [2]Orçamento!#REF!
Name _LOC21: [2]Orçamento!#REF!
Name _LOC22: [2]Orçamento!#REF!
Name _LOC23: [2]Orçamento!#REF!
Name _LOC24: [2]Orçamento!#REF!
Name _LOC25: [2]Orçamento!#REF!
Name _LOC26: [2]Orçamento!#REF!
Name _LOC27: [2]Orçamento!#REF!
Name _LOC28: [2]Orçamento!#REF!
Name _LOC29: [2]Orçamento!#REF!
Name _LOC3: [2]Orçamento!#REF!
Name _LOC30: [2]Orçamento!#REF!
Name _LOC31: [2]Orçamento!#REF!
Name _LOC32: [2]Orçamento!#REF!
Name _LOC33: [2]Orçamento!#REF!
Name _LOC34: [2]Orçamento!#REF!
Name _LOC35: [2]Orçamento!#REF!
Name _LOC36: [2]Orçamento!#REF!
Name _LOC37: [2]Orçamento!#REF!
Name _LOC38: [2]Orçamento!#REF!
Name _LOC39: [2]Orçamento!#REF!
Name _LOC4: [2]Orçamento!#REF!
Name _LOC40: [2]Orçamento!#REF!
Name _LOC41: [2]Orçamento!#REF!
Name _LOC42: [2]Orçamento!#REF!
Name _LOC5: [2]Orçamento!#REF!
Name _LOC6: [2]Orçamento!#REF!
Name _LOC7: [2]Orçamento!#REF!
Name _LOC8: [2]Orçamento!#REF!
Name _LOC9: [2]Orçamento!#REF!
Name _R: '[1]Planilha de Preço'!#REF!
Name AC: #REF!
Name AC: #REF!
Name AL: #REF!
Name AL: #REF!
Name Área_impressão_IM: '[1]Planilha de Preço'!#REF!
Name Área_impressão_IM: '[1]Planilha de Preço'!#REF!
Name B.01.05.10.10: #REF!

Sheet Plan. Orç. 
A1: PLANILHA ORÇAMENTÁRIA
A2: Proponente: | D2: CNPJ:
A3: PREFEITURA MUNICIPAL DE CHAPADA GAÚCHA - MG | D3: 01.612.489/0001-15
A5: OBRA: | D5: Modalidade:
A6: COBERTURA DE PÁTIO DA ESCOLA MUNICIPAL SANTO ANTÔNIO | D6: CONSTRUÇÃO
A8: Endereço: | D8: COORDENADAS GEOGRÁFICAS:
A9: RUA FRANCISCO RODRIGUES DE ALMEIDA N° 340 | D9: 15°30'20.6"S 45°23'55.4"W
A11: Bairro: | D11: Município: | F11: CEP: | G11: BDI:
A12: DISTRITO DE SERRA DAS ARARAS | D12: CHAPADA GAÚCHA - MG | F12: 38.689-000 | G12: ='BDI '!F25 -> 0.2414
A14: REGIME DE EXECUÇÃO DE OBRAS: | D14: Bancos Utilizados:
A15: EMPREITADA GLOBAL (LICITAÇÃO). | D15: SETOP DESONERADO 2025
D16: SINAPI - Comp. e insumos; JAN. de 2025 - MG / Desonerado | H16: ÁREA DE CONSTRUÇÃO (M²). | I16: 271.63
A18: VALOR ANALISADO EM | H18: =H69 -> 199284.33
A19: ITEM | B19: CÓDIGO | C19: DESCRIÇÃO DOS SERVIÇOS | D19: UNID. | E19: QUANT. | F19: PREÇO UNITÁRIO S/BDI (R$) | G19: PREÇO UNITÁRIO C/BDI (R$) | H19: PREÇO TOTAL (R$) | I19: Peso Total %
A20: 1 | B20: SERVIÇOS PRELIMINARES
A21: 01.01 | B21: ED-28427 - SETOP | C21: FORNECIMENTO E COLOCAÇÃO DE PLACA DE OBRA EM CHAPA GALVANIZADA #26, ESP. 0,45MM, DIMENSÃO (3X1,5)M, PLOTADA COM ADESIVO VINÍLICO, AFIXADA COM REBITES 4,8X40MM, EM ESTRUTURA METÁLICA DE METALON 20X20MM, ESP. 1,25MM, INCLUSIVE SUPORTE EM EUCALIPTO AUTOCLAVADO PINTADO COM TINTA PVA DUAS (2) DEMÃOS | D21: UNID. | E21: 1 | F21: 1130.27 | G21: =ROUND((F21+(F21*$G$12)),2) -> 1403.12 | H21: =G21*E21 -> 1403.12
A22: SUB-TOTAL ITEM 01 | H22: =SUM(H21:H21) -> 1403.12 | I22: =H22/$H$18 -> 0.0070407945
A23: 2 | B23: FUNDAÇÕES
A24: 02.1 | B24: ED-17989 - SETOP | C24: LOCAÇÃO DE OBRA COM GABARITO DE TÁBUAS CORRIDAS PONTALETADAS A CADA 2,00M, REAPROVEITAMENTO (2X), INCLUSIVE ACOMPANHAMENTO DE EQUIPE TOPOGRÁFICA PARA MARCAÇÃO DE PONTO TOPOGRÁFICO | D24: m | E24: 26 | F24: 60.94 | G24: =ROUND((F24+(F24*$G$12)),2) -> 75.65 | H24: =G24*E24 -> 1966.9
A25: 02.2 | B25: ED-51107 - SETOP | C25: ESCAVAÇÃO MANUAL DE VALA COM PROFUNDIDADE MENOR OU IGUAL A 1,5M, INCLUSIVE DESCARGA LATERAL | D25: m³ | E25: 3.69264 | F25: 71.42 | G25: =ROUND((F25+(F25*$G$12)),2) -> 88.66 | H25: =G25*E25 -> 327.38946
A26: 02.4 | B26: ED-49620 - SETOP | C26: FORNECIMENTO DE CONCRETO ESTRUTURAL, PREPARADO EM OBRA, COM FCK 30MPA, INCLUSIVE LANÇAMENTO, ADENSAMENTO E ACABAMENTO | D26: m³ | E26: 3.69264 | F26: 838.22 | G26: =ROUND((F26+(F26*$G$12)),2) -> 1040.57 | H26: =G26*E26 -> 3842.4504
A27: 02.5 | B27: ED-48298 - SETOP | C27: CORTE, DOBRA E MONTAGEM DE AÇO CA-50/60, INCLUSIVE ESPAÇADOR | D27: KG | E27: 369.264 | F27: 14.1 | G27: =ROUND((F27+(F27*$G$12)),2) -> 17.5 | H27: =G27*E27 -> 6462.12
A28: SUB-TOTAL ITEM 2 | H28: =SUM(H24:H27) -> 12598.86 | I28: =H28/$H$18 -> 0.063220525
A29: 3 | B29: MURETA
A30: 03.1 | B30: ED-48231- SETOP | C30: ALVENARIA DE VEDAÇÃO COM TIJOLO CERÂMICO FURADO, ESP. 9CM, PARA REVESTIMENTO, INCLUSIVE ARGAMASSA PARA ASSENTAMENTO. | D30: m² | E30: 10.8885 | F30: 46.07 | G30: =ROUND((F30+(F30*$G$12)),2) -> 57.19 | H30: =G30*E30 -> 622.71331
A31: 03.2 | B31: ED-50761- SETOP | C31: REBOCO COM ARGAMASSA, TRAÇO 1:2:8 (CIMENTO, CAL E AREIA) , ESP. 20MM, APLICAÇÃO MANUAL, INCLUSIVE ARGAMASSA COM PREPARO MECANIZADO, EXCLUSIVE CHAPISCO | D31: m² | E31: 21.777 | F31: 33.98 | G31: =ROUND((F31+(F31*$G$12)),2) -> 42.18 | H31: =G31*E31 -> 918.55386
A32: 03.3 | B32: ED-50727- SETOP | C32: CHAPISCO COM ARGAMASSA, TRAÇO 1:3 (CIMENTO E AREIA), ESP. 5MM, APLICADO EM ALVENARIA / ESTRUTURA DE CONCRETO COM COLHER, INCLUSIVE ARGAMASSA COM PREPARO MECANIZADO | D32: m² | E32: 21.777 | F32: 8.89 | G32: =ROUND((F32+(F32*$G$12)),2) -> 11.04 | H32: =G32*E32 -> 240.41808
A33: SUB-TOTAL ITEM 3 | H33: =SUM(H30:H32) -> 1781.6853 | I33: =H33/$H$18 -> 0.0089404183
A34: 4 | B34: COBERTURA
A35: 04.1 | B35: ED-20603 - SETOP | C35: FORNECIMENTO DE ESTRUTURA METÁLICA E ENGRADAMENTO METÁLICO, EM AÇO, PARA TELHADO, EXCLUSIVE TELHA, INCLUSIVE FABRICAÇÃO, TRANSPORTE, MONTAGEM E APLICAÇÃO DE FUNDO PREPARADOR ANTICORROSIVO EM SUPERFÍCIE METÁLICA, UMA (1) DEMÃO | D35: KG | E35: 2666.505 | F35: 21.4 | G35: =ROUND((F35+(F35*$G$12)),2) -> 26.57 | H35: =G35*E35 -> 70849.038
A36: 04.2 | B36: ED-48420 - SETOP | C36: COBERTURA EM TELHA CERÂMICA, TIPO PLAN, INCLUSIVE FIXAÇÃO, EXCLUSIVE ENGRADAMENTO E MANTA ISOLANTE/ TÉRMICA | D36: m² | E36: 271.63 | F36: 104.68 | G36: =ROUND((F36+(F36*$G$12)),2) -> 129.95 | H36: =G36*E36 -> 35298.318
A37: 04.3 | B37: ED-48400 - SETOP | C37: CUMEEIRA PARA TELHA CERÂMICA, INCLUSIVE EMBOÇAMENTO COM ARGAMASSA, TRAÇO 1:2:9 (CIMENTO, CAL E AREIA), COM PREPARO MECANIZADO | D37: m | E37: 44.35 | F37: 43.58 | G37: =ROUND((F37+(F37*$G$12)),2) -> 54.1 | H37: =G37*E37 -> 2399.335
A38: 04.4 | B38: MERCADO | C38: Telha Transparente Monte Carmelo / Plan Mineira Transparente | D38: UNID. | E38: 60 | F38: 23.51 | G38: =ROUND((F38+(F38*$G$12)),2) -> 29.19 | H38: =G38*E38 -> 1751.4
A39: 04.5 | B39: ED-50659 - SETOP | C39: CALHA EM CHAPA GALVANIZADA, ESP. 0,65MM (GSG-24), COM DESENVOLVIMENTO DE 75CM, INCLUSIVE IÇAMENTO MANUAL VERTICAL | D39: m | E39: 88.7 | F39: 88.6 | G39: =ROUND((F39+(F39*$G$12)),2) -> 109.99 | H39: =G39*E39 -> 9756.113
A40: 04.6 | B40: ED-50497 - SETOP | C40: PINTURA ESMALTE BASE SOLVENTE EM ESTRUTURA METÁLICA, DUAS (2) DEMÃOS, COM APLICAÇÃO MANUAL, INCLUSIVE UMA (1) DEMÃO FUNDO GALVANIZADO - APLICAÇÃO NOS PILARES. | D40: m² | E40: 38.88 | F40: 34.07 | G40: =ROUND((F40+(F40*$G$12)),2) -> 42.29 | H40: =G40*E40 -> 1644.2352
A41: SUB-TOTAL ITEM 4 | H41: =SUM(H35:H40) -> 121698.44 | I41: =H41/$H$18 -> 0.61067742
A42: 5 | B42: EXECUÇÃO DO PISO DO PÁTIO
A43: 5.1 | B43: ED-48440 - SETOP | C43: DEMOLIÇÃO MANUAL DE CONCRETO, SEM ARMAÇÃO, INCLUSIVE AFASTAMENTO E EMPILHAMENTO, EXCLUSIVE TRANSPORTE E RETIRADA DO MATERIAL DEMOLIDO | D43: m³ | E43: 6.405 | F43: 302.24 | G43: =ROUND((F43+(F43*$G$12)),2) -> 375.2 | H43: =G43*E43 -> 2403.156
A44: 5.2 | B44: ED-51125 - SETOP | C44: TRANSPORTE DE MATERIAL DEMOLIDO EM CAÇAMBA, INCLUSIVE CARGA MANUAL OU MECÂNICA | D44: m³ | E44: 8.64675 | F44: 83 | G44: =ROUND((F44+(F44*$G$12)),2) -> 103.04 | H44: =G44*E44 -> 890.96112
A45: 5.3 | B45: RO-00214 - SETOP | C45: Compactação de aterros a 95% do Proctor normal (Inclui espalhamento) | D45: m³ | E45: 135.815 | F45: 4.83 | G45: =ROUND((F45+(F45*$G$12)),2) -> 6 | H45: =G45*E45 -> 814.89
A46: 5.4 | B46: ED-51144 - SETOP | C46: PASSEIOS DE CONCRETO E = 8 CM, FCK = 15 MPA PADRÃO PREFEITURA | D46: m² | E46: 271.63 | F46: 76.89 | G46: =ROUND((F46+(F46*$G$12)),2) -> 95.45 | H46: =G46*E46 -> 25927.084
A47: 5.5 | B47: ED-50464 - SETOP | C47: PINTURA COM RESINA ACRÍLICA EM PISOS CIMENTADOS, DUAS (2) DEMÃOS, COM APLICAÇÃO MANUAL, INCLUSIVE PREPARAÇÃO E LIMPEZA DA SUPERFÍCIE | D47: m² | E47: 271.63 | F47: 13.45 | G47: =ROUND((F47+(F47*$G$12)),2) -> 16.7 | H47: =G47*E47 -> 4536.221
A48: SUB-TOTAL ITEM 5 | H48: =SUM(H43:H47) -> 34572.312 | I48: =H48/$H$18 -> 0.17348234
A49: 6 | B49: ELÉTRICA
A50: 6.1 | B50: ED-49500 - SETOP | C50: QUADRO DE DISTRIBUIÇÃO PARA 20 MÓDULOS COM BARRAMENTO 100 A | D50: UNID. | E50: 1 | F50: 288.5 | G50: =ROUND((F50+(F50*$G$12)),2) -> 358.14 | H50: =G50*E50 -> 358.14
A51: 6.2 | B51: ED-49308 - SETOP | C51: ELETRODUTO DE PVC RÍGIDO ROSCÁVEL, DN 20 MM (3/4"), INCLUSIVE CONEXÕES, SUPORTES E FIXAÇÃO | D51: m | E51: 60 | F51: 20.54 | G51: =ROUND((F51+(F51*$G$12)),2) -> 25.5 | H51: =G51*E51 -> 1530
A52: 6.3 | B52: ED-49244 - SETOP | C52: DISJUNTOR BIPOLAR TERMOMAGNÉTICO 10KA, DE 50A | D52: UNID. | E52: 2 | F52: 65.25 | G52: =ROUND((F52+(F52*$G$12)),2) -> 81 | H52: =G52*E52 -> 162
A53: 6.4 | B53: ED-49235 - SETOP | C53: DISJUNTOR MONOPOLAR TERMOMAGNÉTICO 5KA, DE 35A | D53: UNID. | E53: 2 | F53: 27.9 | G53: =ROUND((F53+(F53*$G$12)),2) -> 34.64 | H53: =G53*E53 -> 69.28
A54: 6.5 | B54: ED-49231 - SETOP | C54: DISJUNTOR MONOPOLAR TERMOMAGNÉTICO 5KA, DE 20A | D54: UNID. | E54: 2 | F54: 21.89 | G54: =ROUND((F54+(F54*$G$12)),2) -> 27.17 | H54: =G54*E54 -> 54.34
A55: 6.6 | B55: ED-15117 - SETOP | C55: DISJUNTOR DE PROTEÇÃO DIFERENCIAL RESIDUAL (DR), TETRAPOLAR, TIPO DIN, CORRENTE NOMINAL DE 63A, ALTA SENSIBILIDADE, CORRENTE DIFERENCIAL RESIDUAL NOMINAL COM ATUAÇÃO DE 30MA | D55: UNID. | E55: 1 | F55: 164.47 | G55: =ROUND((F55+(F55*$G$12)),2) -> 204.17 | H55: =G55*E55 -> 204.17
A56: 6.7 | B56: ED-48946 - SETOP | C56: CABO DE COBRE FLEXÍVEL, CLASSE 5, ISOLAMENTO TIPO LSHF/ ATOX, NÃO HALOGENADO, ANTICHAMA, TERMOPLÁSTICO, UNIPOLAR, SEÇÃO 1,5 MM2, 70°C, 450/750V | D56: m | E56: 400 | F56: 2.99 | G56: =ROUND((F56+(F56*$G$12)),2) -> 3.71 | H56: =G56*E56 -> 1484
A57: 6.8 | B57: ED-48951 - SETOP | C57: CABO DE COBRE FLEXÍVEL, CLASSE 5, ISOLAMENTO TIPO LSHF/ATOX, NÃO HALOGENADO, ANTICHAMA, TERMOPLÁSTICO, UNIPOLAR, SEÇÃO 2,5 MM2, 70°C, 450/750V | D57: m | E57: 200 | F57: 4.12 | G57: =ROUND((F57+(F57*$G$12)),2) -> 5.11 | H57: =G57*E57 -> 1022
A58: 6.9 | B58: ED-13357 - SETOP | C58: LUMINÁRIA PLAFON REDONDO DE VIDRO JATEADO REDONDO COMPLETA, DIÂMETRO 25 CM, PARA UMA (1) LÂMPADA LED, POTÊNCIA 9W, BULBO A60, FORNECIMENTO E INSTALAÇÃO, INCLUSIVE BASE E LÂMPADA | D58: UNID. | E58: 20 | F58: 62.34 | G58: =ROUND((F58+(F58*$G$12)),2) -> 77.39 | H58: =G58*E58 -> 1547.8
A59: 6.10 | B59: ED-50227 - SETOP | C59: PONTO DE EMBUTIR PARA UM (1) INTERRUPTOR SIMPLES (10A250V), COM PLACA 4"X2" DE UM (1) POSTO, COM ELETRODUTO FLEXÍVEL CORRUGADO, ANTI-CHAMA, DN 25MM (3/4"), EMBUTIDO NA ALVENARIA E CABO DE COBRE FLEXÍVEL, CLASSE 5, ISOLAMENTO TIPO LSHF/ATOX, NÃO HALOGENADO, SEÇÃO 1, 5MM2 (70°C-450/750V), COM DISTÂNCIA DE ATÉ DEZ (10) METROS DO PONTO DE DERIVAÇÃO, INCLUSIVE CAIXA DE LIGAÇÃO, SUPORTE E FIXAÇÃO DO ELETRODUTO COM ENCHIMENTO DO RASGO NA ALVENARIA/CONCRETO COM ARGAMASSA | D59: UNID. | E59: 6 | F59: 244.1 | G59: =ROUND((F59+(F59*$G$12)),2) -> 303.03 | H59: =G59*E59 -> 1818.18
A60: 6.11 | B60: ED-22351 - SETOP | C60: REFLETOR DE LED, POTÊNCIA DE 300W, EXCLUSIVE SUPORTE E POSTE | D60: UNID. | E60: 6 | F60: 129.95 | G60: =ROUND((F60+(F60*$G$12)),2) -> 161.32 | H60: =G60*E60 -> 967.92
A61: SUB-TOTAL ITEM 6 | H61: =SUM(H50:H60) -> 9217.83 | I61: =H61/$H$18 -> 0.046254666
A62: 7 | B62: HIDRÁULICA - ÁGUA PLUVIAL
A63: 7.1 | B63: ED-48669 - SETOP | C63: FORNECIMENTO E ASSENTAMENTO DE TUBO PVC RÍGIDO, DRENAGEM/PLUVIAL, PBV - SÉRIE NORMAL, DN 100 MM (4"), INCLUSIVE CONEXÕESAL ESCAVADO | D63: M | E63: 172.7 | F63: 34.26 | G63: =ROUND((F63+(F63*$G$12)),2) -> 42.53 | H63: =G63*E63 -> 7344.931
A64: 7.2 | B64: ED-49872 - SETOP | C64: CAIXA DE ESGOTO DE INSPEÇÃO/PASSAGEM EM ALVENARIA (30X30X60CM), REVESTIMENTO EM ARGAMASSA COM ADITIVO IMPERMEABILIZANTE, COM TAMPA DE CONCRETO, INCLUSIVE ESCAVAÇÃO, REATERRO E TRANSPORTE E RETIRADA DO MATERIAL ESCAVADO (EM CAÇAMBA) | D64: UNID. | E64: 24 | F64: 283.91 | G64: =ROUND((F64+(F64*$G$12)),2) -> 352.45 | H64: =G64*E64 -> 8458.8
A65: SUB-TOTAL ITEM 7 | H65: =SUM(H63:H64) -> 15803.731 | I65: =H65/$H$18 -> 0.079302427
A66: 8 | B66: LIMPEZA FINAL DE OBRA
A67: 8.1 | B67: ED-50266 - SETOP | C67: LIMPEZA FINAL PARA ENTREGA DA OBRA | D67: m² | E67: 271.63 | F67: 6.55 | G67: =ROUND((F67+(F67*$G$12)),2) -> 8.13 | H67: =G67*E67 -> 2208.3519
A68: SUB-TOTAL ITEM 8 | H68: =SUM(H67:H67) -> 2208.3519 | I68: =H68/$H$18 -> 0.011081413
A69: TOTAL GERAL ANALISADO | H69: =H22+H28+H33+H41+H48+H61+H65+H68 -> 199284.33 | I69: =SUM(I68,I65,I61,I48,I41,I33,I28,I22) -> 1
A70: CHAPADA GAÚCHA - MG; 27 DE AGOSTO DE 2025.
C71: ______________________________________________________ | G71: ______________________________________
C73: LUCAS LISBOA DE ANDRADE | G73: JOSÉ RONE RODRIGUES PEREIRA
C74: ENGENHEIRO CIVIL | G74: PREFEITO MUNICIPAL
C75: CREA: 31.285/D-DF

Sheet BDI 
A1: BDI - benefícios e despesas indiretas
A2: PROPONENTE / TOMADOR
A3: PREFEITURA MUNICIPAL DE CHAPADA GAÚCHA
A5: OBJETO
A6: ='Plan. Orç. '!A6:C6 -> COBERTURA DE PÁTIO DA ESCOLA MUNICIPAL SANTO ANTÔNIO
A8: TIPO DE OBRA DO EMPREENDIMENTO | I8: DESONERAÇÃO
A9: Construção de Praças Urbanas, Rodovias, Ferrovias e recapeamento e pavimentação de vias urbanas | I9: Não
A11: Conforme legislação tributária municipal, definir estimativa de percentual da base de cálculo para o ISS: | I11: 1
A12: Sobre a base de cálculo, definir a respectiva alíquota do ISS (entre 2% e 5%): | I12: 0.05
A14: Itens | E14: Siglas | F14: % Adotado | G14: Situação | H14: Intervalo de admissibilidade
H15: 1º Quartil | I15: Médio | J15: 3º Quartil
A16: =IF($I$9=$A$59,"Encargos Sociais incidentes sobre a mão de obra","Administração Central") -> Administração Central | E16: =IF($I$9=$A$59,"K1","AC") -> AC | F16: 0.03 | G16: - | H16: 0.038 | I16: 0.0401 | J16: 0.0467
A17: =IF($I$9=$A$59,"Administração Central da empresa ou consultoria - overhead","Seguro e Garantia") -> Seguro e Garantia | E17: =IF($I$9=$A$59,"K2","SG") -> SG | F17: 0.0085 | G17: - | H17: 0.0032 | I17: 0.004 | J17: 0.0074
A18: =IF($I$9=$A$59,"","Risco") -> Risco | E18: =IF($I$9=$A$59,"","R") -> R | F18: 0.0097 | G18: - | H18: 0.005 | I18: 0.0056 | J18: 0.0097
A19: =IF($I$9=$A$59,"","Despesas Financeiras") -> Despesas Financeiras | E19: =IF($I$9=$A$59,"","DF") -> DF | F19: 0.0062 | G19: - | H19: 0.0102 | I19: 0.0111 | J19: 0.0121
A20: =IF($I$9=$A$59,"Margem bruta da empresa de consultoria","Lucro") -> Lucro | E20: =IF($I$9=$A$59,"K3","L") -> L | F20: 0.074 | G20: - | H20: 0.0664 | I20: 0.073 | J20: 0.0869
A21: Tributos (impostos COFINS 3%, e PIS 0,65%) | E21: CP | F21: 0.0375 | G21: - | H21: 0.0365 | I21: 0.0365 | J21: 0.0365
A22: Tributos (ISS, variável de acordo com o município) | E22: ISS | F22: 0.05 | G22: - | H22: 0 | I22: 0.025 | J22: 0.05
A23: Tributos (Contribuição Previdenciária - 0% ou 4,5%, conforme Lei 12.844/2013 - Desoneração) | E23: CPRB | F23: =IF(I9="Sim",4.5%,0%) -> 0 | G23: =IF(AND(F23>=H23, F23<=J23), "OK", "Não OK") -> OK | H23: 0 | I23: 0.045 | J23: 0.045
A24: BDI SEM desoneração (Fórmula Acórdão TCU) | E24: BDI PAD | F24: =ROUND((((1+F16+F17+F18)*(1+F19)*(1+F20)/(1-(F21+F22)))-1),4) -> 0.2414 | G24: =IF(OR($I$9=$A$59,AND(F24>=H24, F24<=J24)), "OK", "NÃO OK") -> OK | H24: 0.196 | I24: 0.2097 | J24: 0.2423
A25: BDI COM desoneração | E25: BDI DES | F25: =ROUND((((1+F16+F17+F18)*(1+F19)*(1+F20)/(1-(F21+F22+F23)))-1),4) -> 0.2414 | G25: =IF(I9<>"Sim","",IF(COUNTIF(#REF!,"NÃO OK")>0,"NÃO OK","OK"))
A27: Os valores de BDI foram calculados com o emprego da fórmula:
D28: =IF(I9="Sim","BDI.DES =","BDI.PAD =") -> BDI.PAD = | E28: =IF($I$9=$A$59,"(1+K1+K2)*(1+K3)","(1+AC + S + R + G)*(1 + DF)*(1+L)") -> (1+AC + S + R + G)*(1 + DF)*(1+L) | H28: - 1
E29: =IF(I9="Sim","(1-CP-ISS-CRPB)","(1-CP-ISS)") -> (1-CP-ISS)
A31: =CONCATENATE("Declaro para os devidos fins que, conforme legislação tributária municipal, a base de cálculo para ",A9,", é de ",I11*100,"%, com a respectiva alíquota de ",I12*100,"%.") -> Declaro para os devidos fins que, conforme legislação tributária municipal, a base de cálculo para Construção de Praças Urbanas, Rodovias, Ferrovias e recapeamento e pavimentação de vias urbanas, é de 100%, com a respectiva alíquota de 5%.
A33: Observações:
A36: Local: | J36: Data:
F37: ='Plan. Orç. '!A70 -> CHAPADA GAÚCHA - MG; 27 DE AGOSTO DE 2025.
A43: Responsável Técnico | G43: Responsável Tomador
A44: Nome: | B44: ='Plan. Orç. '!C73 -> LUCAS LISBOA DE ANDRADE | G44: Nome: | H44: JOSE RONE RODRIGUES PEREIRA
A45: Título: | B45: ENGENHEIRO CIVIL | G45: Cargo: | H45: PREFEITO MUNICIPAL
A46: CREA: | B46: ='Plan. Orç. '!C75 -> CREA: 31.285/D-DF

Sheet CRONOGRAMA 
A1: CRONOGRAMA FÍSICO E FINANCEIRO
A2: Proponente: | D2: CNPJ:
A3: PREFEITURA MUNICIPAL DE CHAPADA GAÚCHA - MG | D3: 01.612.489/0001-15
A5: OBRA: | D5: Modalidade:
A6: ='Plan. Orç. '!A6:C6 -> COBERTURA DE PÁTIO DA ESCOLA MUNICIPAL SANTO ANTÔNIO | D6: CONSTRUÇÃO
A8: Endereço: | D8: COORDENADAS GEOGRÁFICAS:
A9: ='Plan. Orç. '!A9:C9 -> RUA FRANCISCO RODRIGUES DE ALMEIDA N° 340 | D9: ='Plan. Orç. '!D9:G9 -> 15°30'20.6"S 45°23'55.4"W
A11: Bairro: | D11: Município: | F11: CEP: | G11: BDI:
A12: ='Plan. Orç. '!A12:C12 -> DISTRITO DE SERRA DAS ARARAS | D12: CHAPADA GAÚCHA - MG | F12: 38.689-000 | G12: ='BDI '!F25 -> 0.2414
A14: REGIME DE EXECUÇÃO DE OBRAS: | D14: Bancos Utilizados:
A15: EMPREITADA GLOBAL (LICITAÇÃO). | D15: SETOP DESONERADO AGO/2023
D16: SINAPI - Comp. e insumos; JAN. de 2025 - MG / Desonerado
A17: ITEM | B17: SERVIÇOS | C17: VALOR | D17: 1° MÊS | F17: 2° MÊS | H17: 3° MÊS | J17: 4° MÊS | L17: 5° MÊS | N17: 6° MÊS
D18: EXECUÇÃO (%) | E18: VALOR (R$) | F18: EXECUÇÃO (%) | G18: VALOR (R$) | H18: EXECUÇÃO (%) | I18: VALOR (R$) | J18: EXECUÇÃO (%) | K18: VALOR (R$) | L18: EXECUÇÃO (%) | M18: VALOR (R$) | N18: EXECUÇÃO (%) | O18: VALOR (R$)
A19: 1 | B19: SERVIÇOS PRELIMINARES | C19: ='Plan. Orç. '!H22 -> 1403.12 | D19: 1 | E19: =D19*C19 -> 1403.12
A20: ='Plan. Orç. '!A23 -> 2 | B20: ='Plan. Orç. '!B23:H23 -> FUNDAÇÕES | C20: ='Plan. Orç. '!H28 -> 12598.86 | D20: 1 | E20: =D20*C20 -> 12598.86
A21: ='Plan. Orç. '!A29 -> 3 | B21: ='Plan. Orç. '!B29 -> MURETA | C21: ='Plan. Orç. '!H33 -> 1781.6853 | D21: 0.28 | E21: =D21*C21 -> 498.87187 | F21: =100%-D21 -> 0.72 | G21: =F21*C21 -> 1282.8134
A22: ='Plan. Orç. '!A34 -> 4 | B22: ='Plan. Orç. '!B34 -> COBERTURA | C22: ='Plan. Orç. '!H41 -> 121698.44 | F22: 0.188 | G22: =F22*C22 -> 22879.307 | H22: 0.4815 | I22: =H22*C22 -> 58597.799 | J22: =100%-(F22+H22) -> 0.3305 | K22: =J22*C22 -> 40221.334
A23: ='Plan. Orç. '!A42 -> 5 | B23: ='Plan. Orç. '!B42 -> EXECUÇÃO DO PISO DO PÁTIO | C23: ='Plan. Orç. '!H48 -> 34572.312 | J23: 0.262 | K23: =J23*C23 -> 9057.9456 | L23: =100%-J23 -> 0.738 | M23: =L23*C23 -> 25514.366
A24: ='Plan. Orç. '!A49 -> 6 | B24: ='Plan. Orç. '!B49 -> ELÉTRICA | C24: ='Plan. Orç. '!H61 -> 9217.83 | N24: =100%-L24 -> 1 | O24: =N24*C24 -> 9217.83
A25: ='Plan. Orç. '!A62 -> 7 | B25: ='Plan. Orç. '!B62:I62 -> HIDRÁULICA - ÁGUA PLUVIAL | C25: ='Plan. Orç. '!H65 -> 15803.731 | N25: =100%-L25 -> 1 | O25: =N25*C25 -> 15803.731
A26: ='Plan. Orç. '!A66 -> 8 | B26: ='Plan. Orç. '!B66 -> LIMPEZA FINAL DE OBRA | C26: ='Plan. Orç. '!H68 -> 2208.3519 | N26: =100%-L26 -> 1 | O26: =N26*C26 -> 2208.3519
A27: TOTAL GERAL | C27: =SUM(C19:C26) -> 199284.33
A28: VALOR MENSAL | D28: =E28/$C$27 -> 0.072764636 | E28: =SUM(E19:E25) -> 14500.852 | F28: =G28/$C$27 -> 0.12124446 | G28: =SUM(G19:G25) -> 24162.12 | H28: =I28/$C$27 -> 0.29404118 | I28: =SUM(I19:I25) -> 58597.799 | J28: =K28/$C$27 -> 0.24728126 | K28: =SUM(K19:K25) -> 49279.28 | L28: =M28/$C$27 -> 0.12802997 | M28: =SUM(M19:M25) -> 25514.366 | N28: =O28/$C$27 -> 0.13663851 | O28: =SUM(O19:O26) -> 27229.913
A29: VALOR ACUMULADO | D29: =D28 -> 0.072764636 | E29: =E28 -> 14500.852 | F29: =F28+D29 -> 0.19400909 | G29: =G28+E29 -> 38662.972 | H29: =H28+F29 -> 0.48805027 | I29: =I28+G29 -> 97260.77 | J29: =J28+H29 -> 0.73533153 | K29: =K28+I29 -> 146540.05 | L29: =L28+J29 -> 0.86336149 | M29: =M28+K29 -> 172054.42 | ... O29: =O28+M29 -> 199284.33
A30: ='Plan. Orç. '!A70:I70 -> CHAPADA GAÚCHA - MG; 27 DE AGOSTO DE 2025.
C31: ______________________________________________________ | G31: ______________________________________
C33: LUCAS LISBOA DE ANDRADE | G33: JOSÉ RONE RODRIGUES PEREIRA
C34: ENGENHEIRO CIVIL | G34: PREFEITO MUNICIPAL
C35: CREA: 31.285/D-DF

Sheet MEMÓRIA DE CÁLCULO 
A1: MEMÓRIA DE CÁLCULO
A2: Proponente: | D2: CNPJ:
A3: PREFEITURA MUNICIPAL DE CHAPADA GAÚCHA - MG | D3: 01.612.489/0001-15
A5: OBRA: | D5: Modalidade:
A6: ='Plan. Orç. '!A6:C6 -> COBERTURA DE PÁTIO DA ESCOLA MUNICIPAL SANTO ANTÔNIO | D6: CONSTRUÇÃO
A8: Endereço: | D8: COORDENADAS GEOGRÁFICAS:
A9: ='Plan. Orç. '!A9:C9 -> RUA FRANCISCO RODRIGUES DE ALMEIDA N° 340 | D9: ='Plan. Orç. '!D9:G9 -> 15°30'20.6"S 45°23'55.4"W
A11: Bairro: | D11: Município: | F11: CEP: | G11: BDI:
A12: ='Plan. Orç. '!A12:C12 -> DISTRITO DE SERRA DAS ARARAS | D12: CHAPADA GAÚCHA - MG | F12: 38.689-000 | G12: ='BDI '!F25 -> 0.2414
A14: REGIME DE EXECUÇÃO DE OBRAS: | D14: Bancos Utilizados:
A15: EMPREITADA GLOBAL (LICITAÇÃO). | D15: ='Plan. Orç. '!D15:G15 -> SETOP DESONERADO 2025
D16: SINAPI - Comp. e insumos; JAN. de 2025 - MG / Desonerado
A18: ITEM | B18: CÓDIGO | C18: DESCRIÇÃO | D18: UND | E18: Comp.(m) | F18: Larg.(m) | G18: Altura(m) | H18: Área Parc.(m²) | I18: Vol. parc.(m³) | J18: Repetição | K18: Área Tot.(m²) | L18: Vol. Tot.(m³)
A20: ='Plan. Orç. '!A20 -> 1 | B20: ='Plan. Orç. '!B20 -> SERVIÇOS PRELIMINARES
A21: ='Plan. Orç. '!A21 -> 01.01 | B21: ='Plan. Orç. '!B21 -> ED-28427 - SETOP | C21: ='Plan. Orç. '!C21 -> FORNECIMENTO E COLOCAÇÃO DE PLACA DE OBRA EM CHAPA GALVANIZADA #26, ESP. 0,45MM, DIMENSÃO (3X1,5)M, PLOTADA COM ADESIVO VINÍLICO, AFIXADA COM REBITES 4,8X40MM, EM ESTRUTURA METÁLICA DE METALON 20X20MM, ESP. 1,25MM, INCLUSIVE SUPORTE EM EUCALIPTO AUTOCLAVADO PINTADO COM TINTA PVA DUAS (2) DEMÃOS | D21: ='Plan. Orç. '!D21 -> UNID. | E21: CONFECÇÃO DE PLACA DE OBRA | L21: 1 | N21: 1
A22: ='Plan. Orç. '!A23 -> 2 | B22: ='Plan. Orç. '!B23 -> FUNDAÇÕES
A23: ='Plan. Orç. '!A24 -> 02.1 | B23: ='Plan. Orç. '!B24 -> ED-17989 - SETOP | C23: ='Plan. Orç. '!C24 -> LOCAÇÃO DE OBRA COM GABARITO DE TÁBUAS CORRIDAS PONTALETADAS A CADA 2,00M, REAPROVEITAMENTO (2X), INCLUSIVE ACOMPANHAMENTO DE EQUIPE TOPOGRÁFICA PARA MARCAÇÃO DE PONTO TOPOGRÁFICO | D23: ='Plan. Orç. '!D24 -> m | E23: LOCAÇÃO DE OBRA 2X13 PONTOS | L23: 26 | N23: 26
A24: ='Plan. Orç. '!A25 -> 02.2 | B24: ='Plan. Orç. '!B25 -> ED-51107 - SETOP | C24: ='Plan. Orç. '!C25 -> ESCAVAÇÃO MANUAL DE VALA COM PROFUNDIDADE MENOR OU IGUAL A 1,5M, INCLUSIVE DESCARGA LATERAL | D24: ='Plan. Orç. '!D25 -> m³ | E24: 0.175 | F24: 0.175 | G24: 3.14 | H24: 1 | I24: 24 | K24: 1.6 | L24: =(E24*F24*G24*H24*I24*K24) -> 3.69264 | N24: =(24*0.175*0.175*3.14*1)*1.6 -> 3.69264
A25: ='Plan. Orç. '!A26 -> 02.4 | B25: ='Plan. Orç. '!B26 -> ED-49620 - SETOP | C25: ='Plan. Orç. '!C26 -> FORNECIMENTO DE CONCRETO ESTRUTURAL, PREPARADO EM OBRA, COM FCK 30MPA, INCLUSIVE LANÇAMENTO, ADENSAMENTO E ACABAMENTO | D25: ='Plan. Orç. '!D26 -> m³ | E25: 0.175 | F25: 0.175 | G25: 3.14 | H25: 1 | I25: 24 | K25: 1.6 | L25: =(E25*F25*G25*H25*I25*K25) -> 3.69264 | N25: =N24 -> 3.69264
A26: ='Plan. Orç. '!A27 -> 02.5 | B26: ='Plan. Orç. '!B27 -> ED-48298 - SETOP | C26: ='Plan. Orç. '!C27 -> CORTE, DOBRA E MONTAGEM DE AÇO CA-50/60, INCLUSIVE ESPAÇADOR | D26: ='Plan. Orç. '!D27 -> KG | E26: 3.69264 | K26: 100 | L26: =E26*K26 -> 369.264 | N26: =N25*100 -> 369.264
A27: ='Plan. Orç. '!A29 -> 3 | B27: ='Plan. Orç. '!B29 -> MURETA
A28: ='Plan. Orç. '!A30 -> 03.1 | B28: ='Plan. Orç. '!B30 -> ED-48231- SETOP | C28: ='Plan. Orç. '!C30 -> ALVENARIA DE VEDAÇÃO COM TIJOLO CERÂMICO FURADO, ESP. 9CM, PARA REVESTIMENTO, INCLUSIVE ARGAMASSA PARA ASSENTAMENTO. | D28: ='Plan. Orç. '!D30 -> m² | E28: 7 | F28: 7 | G28: 9.51 | H28: 7.6 | K28: 0.35 | L28: =SUM(E28:H28)*K28 -> 10.8885 | N28: =(7+7+9.51+7.6)*0.35 -> 10.8885
A29: ='Plan. Orç. '!A31 -> 03.2 | B29: ='Plan. Orç. '!B31 -> ED-50761- SETOP | C29: ='Plan. Orç. '!C31 -> REBOCO COM ARGAMASSA, TRAÇO 1:2:8 (CIMENTO, CAL E AREIA) , ESP. 20MM, APLICAÇÃO MANUAL, INCLUSIVE ARGAMASSA COM PREPARO MECANIZADO, EXCLUSIVE CHAPISCO | D29: ='Plan. Orç. '!D31 -> m² | E29: 10.8885 | K29: 2 | L29: =E29*K29 -> 21.777 | N29: =N28*2 -> 21.777
A30: ='Plan. Orç. '!A32 -> 03.3 | B30: ='Plan. Orç. '!B32 -> ED-50727- SETOP | C30: ='Plan. Orç. '!C32 -> CHAPISCO COM ARGAMASSA, TRAÇO 1:3 (CIMENTO E AREIA), ESP. 5MM, APLICADO EM ALVENARIA / ESTRUTURA DE CONCRETO COM COLHER, INCLUSIVE ARGAMASSA COM PREPARO MECANIZADO | D30: ='Plan. Orç. '!D32 -> m² | E30: 10.8885 | K30: 2 | L30: =E30*K30 -> 21.777 | N30: =N29 -> 21.777
A31: ='Plan. Orç. '!A34 -> 4 | B31: ='Plan. Orç. '!B34 -> COBERTURA
A32: ='Plan. Orç. '!A35 -> 04.1 | B32: ='Plan. Orç. '!B35 -> ED-20603 - SETOP | C32: ='Plan. Orç. '!C35 -> FORNECIMENTO DE ESTRUTURA METÁLICA E ENGRADAMENTO METÁLICO, EM AÇO, PARA TELHADO, EXCLUSIVE TELHA, INCLUSIVE FABRICAÇÃO, TRANSPORTE, MONTAGEM E APLICAÇÃO DE FUNDO PREPARADOR ANTICORROSIVO EM SUPERFÍCIE METÁLICA, UMA (1) DEMÃO | D32: ='Plan. Orç. '!D35 -> KG | E32: LEVANTAMENTO COM BASE EM PROJETO ESTRUTURAL | L32: 2666.505 | N32: 2666.505
A33: ='Plan. Orç. '!A36 -> 04.2 | B33: ='Plan. Orç. '!B36 -> ED-48420 - SETOP | C33: ='Plan. Orç. '!C36 -> COBERTURA EM TELHA CERÂMICA, TIPO PLAN, INCLUSIVE FIXAÇÃO, EXCLUSIVE ENGRADAMENTO E MANTA ISOLANTE/ TÉRMICA | D33: ='Plan. Orç. '!D36 -> m² | E33: ÁREA QUADRA PARA COBERTURA | L33: 271.63 | N33: 271.63
A34: ='Plan. Orç. '!A37 -> 04.3 | B34: ='Plan. Orç. '!B37 -> ED-48400 - SETOP | C34: ='Plan. Orç. '!C37 -> CUMEEIRA PARA TELHA CERÂMICA, INCLUSIVE EMBOÇAMENTO COM ARGAMASSA, TRAÇO 1:2:9 (CIMENTO, CAL E AREIA), COM PREPARO MECANIZADO | D34: ='Plan. Orç. '!D37 -> m | E34: METROS LINEARES DA CUMEEIRA | L34: 44.35 | N34: 44.35
A35: ='Plan. Orç. '!A38 -> 04.4 | B35: ='Plan. Orç. '!B38 -> MERCADO | C35: ='Plan. Orç. '!C38 -> Telha Transparente Monte Carmelo / Plan Mineira Transparente | D35: ='Plan. Orç. '!D38 -> UNID. | L35: 60 | N35: 60
A36: ='Plan. Orç. '!A39 -> 04.5 | B36: ='Plan. Orç. '!B39 -> ED-50659 - SETOP | C36: ='Plan. Orç. '!C39 -> CALHA EM CHAPA GALVANIZADA, ESP. 0,65MM (GSG-24), COM DESENVOLVIMENTO DE 75CM, INCLUSIVE IÇAMENTO MANUAL VERTICAL | D36: ='Plan. Orç. '!D39 -> m | E36: 44.35 | K36: 2 | L36: =E36*K36 -> 88.7 | N36: =N34*2 -> 88.7
A37: ='Plan. Orç. '!A40 -> 04.6 | B37: ='Plan. Orç. '!B40 -> ED-50497 - SETOP | C37: ='Plan. Orç. '!C40 -> PINTURA ESMALTE BASE SOLVENTE EM ESTRUTURA METÁLICA, DUAS (2) DEMÃOS, COM APLICAÇÃO MANUAL, INCLUSIVE UMA (1) DEMÃO FUNDO GALVANIZADO - APLICAÇÃO NOS PILARES. | D37: ='Plan. Orç. '!D40 -> m² | E37: 0.15 | F37: 0.15 | G37: 0.12 | H37: 0.12 | J37: 3 | K37: 24 | L37: =SUM(E37:H37)*J37*K37 -> 38.88 | N37: =(0.15+0.15+0.12+0.12)*3*24 -> 38.88
A38: ='Plan. Orç. '!A42 -> 5 | B38: ='Plan. Orç. '!B42 -> EXECUÇÃO DO PISO DO PÁTIO
A39: ='Plan. Orç. '!A43 -> 5.1 | B39: ='Plan. Orç. '!B43 -> ED-48440 - SETOP | C39: ='Plan. Orç. '!C43 -> DEMOLIÇÃO MANUAL DE CONCRETO, SEM ARMAÇÃO, INCLUSIVE AFASTAMENTO E EMPILHAMENTO, EXCLUSIVE TRANSPORTE E RETIRADA DO MATERIAL DEMOLIDO | D39: ='Plan. Orç. '!D43 -> m³ | E39: =(34.9*0.6*0.1) -> 2.094 | F39: =(28.5*0.6*0.1) -> 1.71 | G39: =(26.01*0.1) -> 2.601 | L39: =SUM(E39:G39) -> 6.405 | N39: =(34.9*0.6*0.1)+(28.5*0.6*0.1)+(26.01*0.1) -> 6.405
A40: ='Plan. Orç. '!A44 -> 5.2 | B40: ='Plan. Orç. '!B44 -> ED-51125 - SETOP | C40: ='Plan. Orç. '!C44 -> TRANSPORTE DE MATERIAL DEMOLIDO EM CAÇAMBA, INCLUSIVE CARGA MANUAL OU MECÂNICA | D40: ='Plan. Orç. '!D44 -> m³ | E40: 6.405 | K40: 1.35 | L40: =E40*K40 -> 8.64675 | N40: =((N39*1.35)) -> 8.64675
A41: ='Plan. Orç. '!A45 -> 5.3 | B41: ='Plan. Orç. '!B45 -> RO-00214 - SETOP | C41: ='Plan. Orç. '!C45 -> Compactação de aterros a 95% do Proctor normal (Inclui espalhamento) | D41: ='Plan. Orç. '!D45 -> m³ | E41: 271.63 | K41: 0.5 | L41: =E41*K41 -> 135.815 | N41: =271.63*0.5 -> 135.815
A42: ='Plan. Orç. '!A46 -> 5.4 | B42: ='Plan. Orç. '!B46 -> ED-51144 - SETOP | C42: ='Plan. Orç. '!C46 -> PASSEIOS DE CONCRETO E = 8 CM, FCK = 15 MPA PADRÃO PREFEITURA | D42: ='Plan. Orç. '!D46 -> m² | E42: ÁREA QUADRA PARA EXECUÇÃO DO PISO - LEVANTAMENTO COM BASE NO PROJETO ARQUITETÔNICO | L42: 271.63 | N42: 271.63
A43: ='Plan. Orç. '!A47 -> 5.5 | B43: ='Plan. Orç. '!B47 -> ED-50464 - SETOP | C43: ='Plan. Orç. '!C47 -> PINTURA COM RESINA ACRÍLICA EM PISOS CIMENTADOS, DUAS (2) DEMÃOS, COM APLICAÇÃO MANUAL, INCLUSIVE PREPARAÇÃO E LIMPEZA DA SUPERFÍCIE | D43: ='Plan. Orç. '!D47 -> m² | E43: ÁREA QUADRA PARA EXECUÇÃO DO PISO - LEVANTAMENTO COM BASE NO PROJETO ARQUITETÔNICO | L43: 271.63 | N43: =N42 -> 271.63
A44: ='Plan. Orç. '!A49 -> 6 | B44: ='Plan. Orç. '!B49 -> ELÉTRICA
A45: ='Plan. Orç. '!A50 -> 6.1 | B45: ='Plan. Orç. '!B50 -> ED-49500 - SETOP | C45: ='Plan. Orç. '!C50 -> QUADRO DE DISTRIBUIÇÃO PARA 20 MÓDULOS COM BARRAMENTO 100 A | D45: ='Plan. Orç. '!D50 -> UNID. | E45: LEVANTAMENTO COM BASE EM PROJETO ELETRICO | L45: 1 | N45: 1
A46: ='Plan. Orç. '!A51 -> 6.2 | B46: ='Plan. Orç. '!B51 -> ED-49308 - SETOP | C46: ='Plan. Orç. '!C51 -> ELETRODUTO DE PVC RÍGIDO ROSCÁVEL, DN 20 MM (3/4"), INCLUSIVE CONEXÕES, SUPORTES E FIXAÇÃO | D46: ='Plan. Orç. '!D51 -> m | E46: LEVANTAMENTO COM BASE EM PROJETO ELETRICO | L46: 60 | N46: 60
A47: ='Plan. Orç. '!A52 -> 6.3 | B47: ='Plan. Orç. '!B52 -> ED-49244 - SETOP | C47: ='Plan. Orç. '!C52 -> DISJUNTOR BIPOLAR TERMOMAGNÉTICO 10KA, DE 50A | D47: ='Plan. Orç. '!D52 -> UNID. | E47: LEVANTAMENTO COM BASE EM PROJETO ELETRICO | L47: 2 | N47: 2
A48: ='Plan. Orç. '!A53 -> 6.4 | B48: ='Plan. Orç. '!B53 -> ED-49235 - SETOP | C48: ='Plan. Orç. '!C53 -> DISJUNTOR MONOPOLAR TERMOMAGNÉTICO 5KA, DE 35A | D48: ='Plan. Orç. '!D53 -> UNID. | E48: LEVANTAMENTO COM BASE EM PROJETO ELETRICO | L48: 2 | N48: 2
A49: ='Plan. Orç. '!A54 -> 6.5 | B49: ='Plan. Orç. '!B54 -> ED-49231 - SETOP | C49: ='Plan. Orç. '!C54 -> DISJUNTOR MONOPOLAR TERMOMAGNÉTICO 5KA, DE 20A | D49: ='Plan. Orç. '!D54 -> UNID. | E49: LEVANTAMENTO COM BASE EM PROJETO ELETRICO | L49: 2 | N49: 2
A50: ='Plan. Orç. '!A55 -> 6.6 | B50: ='Plan. Orç. '!B55 -> ED-15117 - SETOP | C50: ='Plan. Orç. '!C55 -> DISJUNTOR DE PROTEÇÃO DIFERENCIAL RESIDUAL (DR), TETRAPOLAR, TIPO DIN, CORRENTE NOMINAL DE 63A, ALTA SENSIBILIDADE, CORRENTE DIFERENCIAL RESIDUAL NOMINAL COM ATUAÇÃO DE 30MA | D50: ='Plan. Orç. '!D55 -> UNID. | E50: LEVANTAMENTO COM BASE EM PROJETO ELETRICO | L50: 1 | N50: 1
A51: ='Plan. Orç. '!A56 -> 6.7 | B51: ='Plan. Orç. '!B56 -> ED-48946 - SETOP | C51: ='Plan. Orç. '!C56 -> CABO DE COBRE FLEXÍVEL, CLASSE 5, ISOLAMENTO TIPO LSHF/ ATOX, NÃO HALOGENADO, ANTICHAMA, TERMOPLÁSTICO, UNIPOLAR, SEÇÃO 1,5 MM2, 70°C, 450/750V | D51: ='Plan. Orç. '!D56 -> m | E51: LEVANTAMENTO COM BASE EM PROJETO ELETRICO | L51: 400 | N51: 400
A52: ='Plan. Orç. '!A57 -> 6.8 | B52: ='Plan. Orç. '!B57 -> ED-48951 - SETOP | C52: ='Plan. Orç. '!C57 -> CABO DE COBRE FLEXÍVEL, CLASSE 5, ISOLAMENTO TIPO LSHF/ATOX, NÃO HALOGENADO, ANTICHAMA, TERMOPLÁSTICO, UNIPOLAR, SEÇÃO 2,5 MM2, 70°C, 450/750V | D52: ='Plan. Orç. '!D57 -> m | E52: LEVANTAMENTO COM BASE EM PROJETO ELETRICO | L52: 200 | N52: 200
A53: ='Plan. Orç. '!A58 -> 6.9 | B53: ='Plan. Orç. '!B58 -> ED-13357 - SETOP | C53: ='Plan. Orç. '!C58 -> LUMINÁRIA PLAFON REDONDO DE VIDRO JATEADO REDONDO COMPLETA, DIÂMETRO 25 CM, PARA UMA (1) LÂMPADA LED, POTÊNCIA 9W, BULBO A60, FORNECIMENTO E INSTALAÇÃO, INCLUSIVE BASE E LÂMPADA | D53: ='Plan. Orç. '!D58 -> UNID. | E53: LEVANTAMENTO COM BASE EM PROJETO ELETRICO | L53: 20 | N53: 20
A54: ='Plan. Orç. '!A59 -> 6.10 | B54: ='Plan. Orç. '!B59 -> ED-50227 - SETOP | C54: ='Plan. Orç. '!C59 -> PONTO DE EMBUTIR PARA UM (1) INTERRUPTOR SIMPLES (10A250V), COM PLACA 4"X2" DE UM (1) POSTO, COM ELETRODUTO FLEXÍVEL CORRUGADO, ANTI-CHAMA, DN 25MM (3/4"), EMBUTIDO NA ALVENARIA E CABO DE COBRE FLEXÍVEL, CLASSE 5, ISOLAMENTO TIPO LSHF/ATOX, NÃO HALOGENADO, SEÇÃO 1, 5MM2 (70°C-450/750V), COM DISTÂNCIA DE ATÉ DEZ (10) METROS DO PONTO DE DERIVAÇÃO, INCLUSIVE CAIXA DE LIGAÇÃO, SUPORTE E FIXAÇÃO DO ELETRODUTO COM ENCHIMENTO DO RASGO NA ALVENARIA/CONCRETO COM ARGAMASSA | D54: ='Plan. Orç. '!D59 -> UNID. | E54: LEVANTAMENTO COM BASE EM PROJETO ELETRICO | L54: 6 | N54: 6
A55: ='Plan. Orç. '!A60 -> 6.11 | B55: ='Plan. Orç. '!B60 -> ED-22351 - SETOP | C55: ='Plan. Orç. '!C60 -> REFLETOR DE LED, POTÊNCIA DE 300W, EXCLUSIVE SUPORTE E POSTE | D55: ='Plan. Orç. '!D60 -> UNID. | E55: LEVANTAMENTO COM BASE EM PROJETO ELETRICO | L55: 6 | N55: 6
A56: ='Plan. Orç. '!A62 -> 7 | B56: ='Plan. Orç. '!B62 -> HIDRÁULICA - ÁGUA PLUVIAL
A57: ='Plan. Orç. '!A63 -> 7.1 | B57: ='Plan. Orç. '!B63 -> ED-48669 - SETOP | C57: ='Plan. Orç. '!C63 -> FORNECIMENTO E ASSENTAMENTO DE TUBO PVC RÍGIDO, DRENAGEM/PLUVIAL, PBV - SÉRIE NORMAL, DN 100 MM (4"), INCLUSIVE CONEXÕESAL ESCAVADO | D57: ='Plan. Orç. '!D63 -> M | E57: 44.35 | F57: 2 | J57: 24 | K57: 3.5 | L57: =(E57*F57)+(J57*K57) -> 172.7 | N57: =(44.35*2)+(24*3.5) -> 172.7
A58: ='Plan. Orç. '!A64 -> 7.2 | B58: ='Plan. Orç. '!B64 -> ED-49872 - SETOP | C58: ='Plan. Orç. '!C64 -> CAIXA DE ESGOTO DE INSPEÇÃO/PASSAGEM EM ALVENARIA (30X30X60CM), REVESTIMENTO EM ARGAMASSA COM ADITIVO IMPERMEABILIZANTE, COM TAMPA DE CONCRETO, INCLUSIVE ESCAVAÇÃO, REATERRO E TRANSPORTE E RETIRADA DO MATERIAL ESCAVADO (EM CAÇAMBA) | D58: ='Plan. Orç. '!D64 -> UNID. | E58: 12 | F58: 2 | L58: =(E58*F58) -> 24 | N58: 24
A59: ='Plan. Orç. '!A66 -> 8 | B59: ='Plan. Orç. '!B66 -> LIMPEZA FINAL DE OBRA
A60: ='Plan. Orç. '!A67 -> 8.1 | B60: ='Plan. Orç. '!B67 -> ED-50266 - SETOP | C60: ='Plan. Orç. '!C67 -> LIMPEZA FINAL PARA ENTREGA DA OBRA | D60: ='Plan. Orç. '!D67 -> m² | E60: ÁREA QUADRA PARA LIMPEZA FINAL | L60: 271.63 | N60: 271.63
A61: ='Plan. Orç. '!A70:I70 -> CHAPADA GAÚCHA - MG; 27 DE AGOSTO DE 2025.
C62: ______________________________________________________ | G62: ______________________________________
C64: LUCAS LISBOA DE ANDRADE | G64: JOSÉ RONE RODRIGUES PEREIRA
C65: ENGENHEIRO CIVIL | G65: PREFEITO MUNICIPAL
C66: CREA: 31.285/D-DF

Sheet LEV. PESO AÇO COBERTURA 
A1: LEVANTAMENTO DO PESO DE AÇO DA ESTRUTURA DA COBERTURA
A2: LOCALIZAÇÃO | B2: MATERIAL | C2: kg/m | D2: QUANTIDADE (M) | E2: PESO
A3: PILARES | B3: perfil ENRIJ. de 150x60 mm #14 (2,00 mm) | C3: 4.4 | D3: =24*5 -> 120 | E3: =D3*C3 -> 528
A4: TESOURA | B4: perfil U de 75x40 mm #14 (2,00 mm) | C4: 2.2 | D4: =((6*1.08)*2)*12 -> 155.52 | E4: =D4*C4 -> 342.144 | F4: ÁREA DE COBERTURA
B5: perfil U de 68x30 mm #14 (2,00 mm) | C5: =11.3/6 -> 1.8833333 | D5: =D4 -> 155.52 | E5: =D5*C5 -> 292.896 | F5: 271.63 | G5: m²
A6: RIPAS | B6: perfil U de 68x30 mm #14 (2,00 mm) | C6: =11.3/6 -> 1.8833333 | D6: =18*44.35 -> 798.3 | E6: =D6*C6 -> 1503.465 | G6: COEFICIENTE
A7: PESO TOTAL | E7: =SUM(E3:E6) -> 2666.505 | G7: =E7/F5 -> 9.8166808 | H7: Kg/m²
C10: DISTÂNCIA | D10: ESPAÇAMENTO | E10: QUANTIDADE
C11: 44.35 | D11: 3.65 | E11: 12 TESOURAS

Sheet Memória de Cálculo
A1: MEMÓRIA DE CÁLCULO
A2: PROPONENTE / TOMADOR
A3: PREFEITURA MUNICIPAL DE URUCUIA-MG.
A4: META: | E4: VALOR | F4: ='Plan. Orç. '!#REF! -> #REF!
A5: ='Plan. Orç. '!#REF! -> #REF!
A6: OBJETO | E6: ='Plan. Orç. '!#REF! -> #REF!
A7: ='Plan. Orç. '!#REF! -> #REF! | E7: ='Plan. Orç. '!B19 -> CÓDIGO
A9: ITEM | B9: CÓDIGO | C9: DESCRIÇÃO | D9: UND | E9: Comp.(m) | F9: Larg.(m) | G9: Altura(m) | H9: Área Parc.(m²) | I9: Vol. parc.(m³) | J9: Repetição | K9: Área Tot.(m²) | L9: Vol. Tot.(m³)
A11: 1 | B11: SERVIÇOS PRELIMINARES
A12: ='Plan. Orç. '!A21 -> 01.01 | B12: ='Plan. Orç. '!B21 -> ED-28427 - SETOP | C12: ='Plan. Orç. '!C21 -> FORNECIMENTO E COLOCAÇÃO DE PLACA DE OBRA EM CHAPA GALVANIZADA #26, ESP. 0,45MM, DIMENSÃO (3X1,5)M, PLOTADA COM ADESIVO VINÍLICO, AFIXADA COM REBITES 4,8X40MM, EM ESTRUTURA METÁLICA DE METALON 20X20MM, ESP. 1,25MM, INCLUSIVE SUPORTE EM EUCALIPTO AUTOCLAVADO PINTADO COM TINTA PVA DUAS (2) DEMÃOS | D12: ='[11]Planilha Orçamento'!E9 -> m² | E12: 1.5 | G12: 1 | K12: =E12*G12 -> 1.5
A13: ='Plan. Orç. '!#REF! -> #REF! | B13: ='Plan. Orç. '!#REF! -> #REF! | D13: ='[11]Planilha Orçamento'!E11 -> 0
A14: ='Plan. Orç. '!#REF! -> #REF! | B14: ='Plan. Orç. '!#REF! -> #REF! | C14: ='Plan. Orç. '!#REF! -> #REF! | D14: ='Plan. Orç. '!#REF! -> #REF! | E14: 10 | F14: 6 | K14: =E14*F14 -> 60
A15: ='Plan. Orç. '!#REF! -> #REF! | B15: ='Plan. Orç. '!#REF! -> #REF! | C15: ='Plan. Orç. '!#REF! -> #REF! | D15: ='[11]Planilha Orçamento'!E14 -> m³
A16: ='Plan. Orç. '!#REF! -> #REF! | B16: ='Plan. Orç. '!#REF! -> #REF! | C16: ='Plan. Orç. '!#REF! -> #REF! | D16: ='Plan. Orç. '!#REF! -> #REF! | E16: 10 | F16: 6 | K16: =E16*F16 -> 60
A17: ='Plan. Orç. '!#REF! -> #REF! | B17: ='Plan. Orç. '!#REF! -> #REF! | C17: ='Plan. Orç. '!#REF! -> #REF! | D17: ='Plan. Orç. '!#REF! -> #REF! | E17: 10 | F17: 6 | G17: 1.08 | H17: COBERTURA COM A INCLINAÇÃO | K17: =E17*F17*G17 -> 64.8 | L17: =K17+K18 -> 79.8
E18: 10 | F18: 1.5 | G18: EMPENA DAS DUAS LARERAIS | K18: =E18*F18 -> 15
A19: ='Plan. Orç. '!#REF! -> #REF! | B19: ='Plan. Orç. '!#REF! -> #REF! | C19: ='Plan. Orç. '!#REF! -> #REF! | D19: ='Plan. Orç. '!#REF! -> #REF! | E19: 0.45 | F19: 0.82 | G19: 0.45 | J19: 6 | L19: =E19*F19*G19*J19 -> 0.9963
A20: ='Plan. Orç. '!#REF! -> #REF! | B20: ='Plan. Orç. '!#REF! -> #REF! | C20: ='Plan. Orç. '!#REF! -> #REF! | D20: ='[11]Planilha Orçamento'!E23 -> 0
A21: ='Plan. Orç. '!#REF! -> #REF! | B21: ='Plan. Orç. '!#REF! -> #REF! | C21: ='Plan. Orç. '!#REF! -> #REF! | D21: ='Plan. Orç. '!#REF! -> #REF! | E21: 10 | F21: 6 | K21: =E21*F21 -> 60
A22: ='Plan. Orç. '!#REF! -> #REF! | B22: ='Plan. Orç. '!#REF! -> #REF! | C22: ='Plan. Orç. '!#REF! -> #REF! | D22: ='[11]Planilha Orçamento'!E25 -> und
A23: ='Plan. Orç. '!#REF! -> #REF! | B23: ='Plan. Orç. '!#REF! -> #REF! | C23: ='Plan. Orç. '!#REF! -> #REF! | D23: ='Plan. Orç. '!#REF! -> #REF! | J23: 1 | K23: 1
A24: ='Plan. Orç. '!#REF! -> #REF! | B24: ='Plan. Orç. '!#REF! -> #REF! | C24: ='Plan. Orç. '!#REF! -> #REF! | D24: ='Plan. Orç. '!#REF! -> #REF! | E24: 6 | J24: 2 | K24: =E24*J24 -> 12
A25: ='Plan. Orç. '!#REF! -> #REF! | B25: ='Plan. Orç. '!#REF! -> #REF! | C25: ='Plan. Orç. '!#REF! -> #REF! | D25: ='Plan. Orç. '!#REF! -> #REF! | E25: 150 | J25: 2 | K25: =E25*J25 -> 300
A26: ='Plan. Orç. '!#REF! -> #REF! | B26: ='Plan. Orç. '!#REF! -> #REF! | C26: ='Plan. Orç. '!#REF! -> #REF! | D26: ='Plan. Orç. '!#REF! -> #REF! | E26: 5 | J26: 2 | K26: =E26*J26 -> 10
A27: ='Plan. Orç. '!#REF! -> #REF! | B27: ='Plan. Orç. '!#REF! -> #REF! | C27: ='Plan. Orç. '!#REF! -> #REF! | D27: ='Plan. Orç. '!#REF! -> #REF! | E27: =104/2 -> 52 | J27: 2 | K27: =E27*J27 -> 104
A28: ='Plan. Orç. '!#REF! -> #REF! | B28: ='Plan. Orç. '!#REF! -> #REF! | C28: ='Plan. Orç. '!#REF! -> #REF! | D28: ='Plan. Orç. '!#REF! -> #REF! | E28: 3 | K28: =E28 -> 3
A29: URICUIA-MG; 31 DE SETEMBRO DE 2023.
C33: LUCAS LISBOA DE ANDRADE | G33: RUTÍLIO EUGÊNIO CAVALCANTI FILHO
C34: ENGENHEIRO CIVIL | G34: PREFEITO MUNICIPAL
C35: CREA: 31.285/D-DF
